 Dungeon Crawl Stone Soup version 0.27-a0-1248-g57ac2eb73c (webtiles) character file.

Game seed: 8408219139535714383

62 Delamore the Skirmisher (level 4, -2/37 HPs)
             Began as a Formicid Fighter on June 10, 2021.
             Slain by Natasha (8 damage)
             ... on level 2 of the Dungeon.
             The game lasted 00:00:51 (983 turns).

Delamore the Skirmisher (Formicid Fighter)           Turns: 983, Time: 00:00:51

Health: -2/37      AC:  6    Str: 21    XL:     4   Next: 28%
Magic:  4/4        EV:  8    Int:  8    God:
Gold:   48         SH:  9    Dex: 10    Spells: 3/3 levels left

rFire    . . .     SeeInvis +   a - +0 trident
rCold    . . .     Faith    .   c - +0 kite shield
rNeg     . . .     Spirit   .   b - +0 scale mail
rPois    .         Reflect  .   (helmet unavailable)
rElec    .         Harm     .   (no cloak)
rCorr    .         Rampage  .   (no gloves)
Will     .....                  (no boots)
Stlth    ..........             (no amulet)
HPRegen  0.12/turn              (no ring)
MPRegen  0.09/turn              (no ring)

@: no status effects
A: permanent stasis, dig shafts and tunnels, antennae 3, four strong arms
a: Dig, Shaft Self


You were on level 2 of the Dungeon.
You visited 1 branch of the dungeon, and saw 2 of its levels.

You collected 48 gold pieces.

Inventory:

Hand Weapons
 a - a +0 trident (weapon)
Missiles
 k - 11 poisoned darts
Armour
 b - a +0 scale mail (worn)
 c - a +0 kite shield (worn)
Scrolls
 e - a scroll of identify {unknown}
 g - a scroll of teleportation {unknown}
 i - a scroll of magic mapping {unknown}
 j - a scroll of blinking {unknown}
Potions
 d - 2 potions of might
 f - a potion of ambrosia {unknown}
 h - a potion of brilliance {unknown}


   Skills:
 + Level 4.0 Fighting
 * Level 3.6 Polearms
 - Level 3.2 Armour
 - Level 3.6 Shields


You had 3 spell levels left.
You didn't know any spells.
Your spell library was empty.

Dungeon Overview and Level Annotations

Branches:
Dungeon (2/15)

Altars:

Annotations:
D:2 Natasha


Innate Abilities, Weirdness & Mutations

You cannot be hasted, slowed, berserked, paralysed or teleported.
You can dig through walls and to a lower floor.
You have a pair of large antennae on your head. (SInv)
Your four strong arms can wield two-handed weapons with a shield.


Message History

Natasha is heavily wounded.
Natasha claws you but does no damage.
You closely miss Natasha.
Natasha is heavily wounded.
Natasha claws you.
* * * LOW HITPOINT WARNING * * *
You barely miss Natasha.
Natasha is heavily wounded.
You block Natasha's attack.
The shadow imp shouts, "Return whence thou came, thou clouted dismal-dreaming cross-patch!"
You block Natasha's attack.
You closely miss Natasha.
Natasha is heavily wounded.
The shadow imp disappears in a puff of smoke!
Natasha barely misses you.
You hit Natasha.
Natasha is severely wounded.
You block Natasha's attack.
You barely miss Natasha.
Natasha is severely wounded.
Natasha completely misses you.
You barely miss Natasha.
Natasha is severely wounded.
Natasha mumbles some strange words.
The crimson imp blinks!
You barely miss Natasha.
Natasha is severely wounded.
Natasha casts a spell at you. The magic dart hits you.
* * * LOW HITPOINT WARNING * * *
You block Natasha's attack.
You closely miss Natasha.
Natasha is severely wounded.
The crimson imp blinks!
Natasha growls.
You block Natasha's attack.
You hit Natasha.
Natasha is severely wounded.
Natasha claws you!
You die...

#...........#
#...........#
............#
..###.#'##### ..#
#.#.# # ..# #.#.# .#
..# #.#.## ..# ..#
#.#..#########...#
..###...........@h§..+
..'...##.#########.^.#
..######.## ###
..'...##..#
..###.###.## { ### #.#
#..# { #.####.##
#.......# #.......###


You could see Natasha.

Vanquished Creatures
  Terence (D:2)
  2 adders (D:2)
  An endoplasm (D:1)
  A giant cockroach (D:1)
  2 goblins
  2 hobgoblins
  3 jackals (D:2)
  A ball python (D:2)
  A bat (D:2)
  2 frilled lizards
  2 kobolds (D:1)
  2 rats
20 creatures vanquished.

Notes
Turn   | Place    | Note
-------+----------+-------------------------------------------
     0 | D:1      | Delamore the Formicid Fighter began the quest for the Orb.
     0 | D:1      | Reached XP level 1. HP: 18/18 MP: 1/1
   248 | D:1      | Reached XP level 2. HP: 18/24 MP: 2/2
   626 | D:2      | Noticed Terence
   636 | D:2      | Killed Terence
   637 | D:2      | Reached XP level 3. HP: 22/30 MP: 3/3
   834 | D:2      | Reached skill level 4 in Fighting
   834 | D:2      | Reached XP level 4. HP: 35/37 MP: 4/4
   948 | D:2      | Noticed Natasha
   983 | D:2      | Slain by Natasha

Illustrated notes

Levels and vault maps discovered:
D:1:      lightli_molten_gateway, layout_rooms, chequers_serial_rivers_micro_b
D:2:      layout_basic, uniq_natasha, uniq_terence

Skill      XL: |  1  2  3 |
---------------+----------+-----
Polearms       | 3 |  3.6
Fighting       | 4 |  4.0
Armour         | |  3.2
Shields        | |  3.6

Action                   |  1- 3 |  4- 6 || total
-------------------------+-------+-------++-------
Melee: Trident           |    56 |    39 ||    95
Armor: Scale mail        |    25 |    10 ||    35
Dodge: Dodged            |    20 |    17 ||    37
Block: Kite shield       |    23 |    16 ||    39

Table legend: (Time is in decaauts)
 A = Elapsed time spent in this place.
 B = Non-inter-level travel time spent in this place.
 C = Inter-level travel time spent in this place.
 D = Time resting spent in this place.
 E = Time spent auto-exploring this place.
 F = Levels seen in this place.
 G = Mean time per level.
                   A        B        C        D        E       F      G
               +--------+--------+--------+--------+--------+-----+--------+
         Total |   1015 |    987 |     28 |     75 |    730 |   2 |  507.5 |
       Dungeon |   1015 |    987 |     28 |     75 |    730 |   2 |  507.5 |
               +--------+--------+--------+--------+--------+-----+--------+

Top non-repeatable levels by time:
     D:1: 553 daAuts
     D:2: 461 daAuts
